 Dungeon Crawl Stone Soup version bcrawl-1.37.2 (webtiles) character file.

Game seed: 7000916043806471968

208306 Mehrunes the Geomancer (level 9, 0/51 HPs)
             Began as an Octopode Earth Elementalist on Nov 16, 2022.
             Was a Believer of Cheibriados.
             Killed from afar by an orc wizard (7 damage)
             ... with a magic dart
             ... on level 6 of the Dungeon.
             The game lasted 00:13:39 (7099 turns).

Mehrunes the Geomancer (OpEE)                       Turns: 7099, Time: 00:13:39

Health: 0/51       AC:  1    Str: 11    XL:     9   Next: 7%
Magic:  5/16       EV: 17    Int: 24    God:    Cheibriados [**....]
Gold:   354        SH:  0    Dex: 17    Spells: 5/18 levels left

rFire    . . .     GDR:     28% a - +0 dagger
rCold    . . .     SeeInvis .   (no shield)
rNeg     + . .     Gourm    .   (helmet restricted)
rPois    .         Faith    +   (cloak restricted)
rElec    .         Spirit   .   B - amulet of faith
rCorr    .         Reflect  .   l - +3 ring of evasion
MR       .....     Clarity  +   s - ring of positive energy
Stlth    +++++.....             q - ring of wizardry
HPRegen  0.18/turn              (no ring)
MPRegen  0.15/turn              (no ring)
                                (no ring)
                                (no ring)
                                (no ring)

@: lethally poisoned (0 -> -1), very slightly contaminated, slowed, very slow
A: almost no armour, stealthy swim, resist paralysis, amphibious, 8 rings,
constrict 8, camouflage 1, gelatinous body 1
a: Bend Time, Defer, Renounce Religion


You were on level 6 of the Dungeon.
You worshipped Cheibriados.
Cheibriados was pleased with you.
You were hungry.

You visited 2 branches of the dungeon, and saw 7 of its levels.
You also visited: Sewer.

You collected 490 gold pieces.
You spent 136 gold pieces at shops.

Inventory:

Hand Weapons
 a - a +0 dagger (weapon)
 k - a +0 blowgun
 r - a +0 rapier
Missiles
 b - 1064 stones (quivered)
 o - 19 poisoned needles
Jewellery
 l - a +3 ring of evasion (left tentacle)
 q - a ring of wizardry (on tentacle)
 s - a ring of positive energy (right tentacle)
 B - an amulet of faith (around mantle)
 G - a +5 ring of evasion
Wands
 t - a wand of iceblast (3)
 y - a wand of random effects (8)
Scrolls
 c - a scroll of fog {unknown}
 d - 4 scrolls of remove curse
 f - a scroll of amnesia {unknown}
 i - 6 scrolls of identify
 j - a scroll of enchant weapon {unknown}
 m - a scroll of immolation {unknown}
 z - a scroll of teleportation
 H - a scroll of magic mapping {unknown}
Potions
 g - a potion of heal wounds {unknown}
 h - 2 potions of mutation {unknown}
 n - a potion of degeneration {unknown}
 p - 3 potions of agility {unknown}
 u - a potion of magic {unknown}
 v - 2 potions of might {unknown}
 w - a potion of invisibility {unknown}
 A - a potion of haste {unknown}
 C - 2 potions of ambrosia {unknown}
 D - 2 potions of brilliance {unknown}
 F - a potion of curing {unknown}
Comestibles
 e - 17 rations {!d}
 E - 3 chunks of flesh


   Skills:
 - Level 2.0 Dodging
 - Level 8.0 Stealth
 - Level 1.0 Unarmed Combat
 - Level 5.0 Spellcasting
 - Level 2.0 Conjurations
 - Level 3.0 Transmutations
 + Level 8.5 Earth Magic


You had 5 spell levels left.
You knew the following spells:

 Your Spells              Type           Power        Failure   Level  Hunger
a - Sandblast             Erth           #####.       1%          1    None
b - Stone Arrow           Conj/Erth      ####..       1%          3    ###....
c - Petrify               Tmut/Erth      ####......   3%          4    #####..
d - Lee's Rapid Deconstr  Erth           #####.....   3%          5    ######.

Your spell library contained the following spells:

 Spells                   Type           Power        Failure   Level  Hunger
 Magic Dart               Conj           ###.         1%          1    None
 Passwall                 Tmut/Erth      ####....     1%          2    None
 Apportation              Tloc           #.....       3%          1    None
 Corona                   Hex            #......      3%          1    None
 Infusion                 Chrm           #.......     3%          1    None
 Slow                     Hex            #.......     3%          1    None
 Summon Butterflies       Summ           #.......     3%          1    None
 Blink                    Tloc           N/A          5%          2    None
 Call Imp                 Summ           #.....       5%          2    None
 Spider Form              Tmut/Pois      ##.          6%          3    ###....
 Conjure Flame            Conj/Fire      ##......     7%          3    ###....
 Mephitic Cloud           Conj/Pois/Air  #.......     9%          3    ###....


Dungeon Overview and Level Annotations

Branches:
Dungeon (6/12)             Temple (1/1) D:4

Altars:
Ashenzari
Cheibriados
Gozag
Lugonu
Makhleb
Qazlal
Ru
Sif Muna
Trog
Wu Jian
Xom
The Shining One

Shops:
D:5 *   D:6 **!

Annotations:
D:2 1 runed door, 1 exclusion, Sigmund


Innate Abilities, Weirdness & Mutations

You cannot wear most types of armour.
You are very stealthy in the water. (Stealth+)
Your unusual nervous system resists paralysis.
You are amphibious.
You can wear up to eight rings at the same time.
You can use your tentacles to constrict eight enemies at once.
Your skin changes colour to match your surroundings (Stealth+).
Your rubbery body absorbs attacks. (AC +1, EV +1)


Message History

A black bear comes into view.
The black bear moves out of view.
You feel sick.
The orc wizard shouts!
The black bear bites you.
* * * LOW HITPOINT WARNING * * *
The black bear claws you.
* * * LOW HITPOINT WARNING * * *
The black bear misses you.
Blink to where?
Press: ? - help, Dir - move target cursor
As you read the scroll of blinking, it crumbles to dust.
The orc wizard points at you and mumbles some strange words.
You feel yourself slow down.
You feel sick.
The orc wizard mumbles some strange words.
The orc wizard blinks!
The orc wizard misses you. The orc wizard casts a spell at you.
The magic dart hits you!
You die...

....).).............##
##..####
.....................#### #.<#
...........∩.##.#..#.##.###..#
###.###......###......)).....#
#.##.####..# ###.#.##.###.##
#...## #..#####.##.### #÷#
#...# #.....>...#.# ##.##
#.#.# #.....o...#.####.#.####
#.#.# #####.@..<......###....
#.##.# #.###.#.####.#.#### #.
#.# #§# #.# # ##.## .. #W# #.#
#.#.# #.# ...
#.#########.###... ..# #..
#.o...o....h....#### ..## ##.
###.###................ ###
#.# ..o.#..##..##.# .... ..#
##.# .#.#.#..##..# #.### #.#


You could see a black bear and an orc wizard.

Vanquished Creatures
  A crocodile (Sewer)
  A sky beast (D:5)
  2 black bears (D:6)
  5 ogres
  Blork the orc (D:5)
  A gnoll sergeant (D:6)
  3 howler monkeys
  4 orc priests
  A crimson imp (D:5)
  An orc wizard (D:5)
  2 jellies
  9 worker ants
  A hound zombie (D:6)
  A worker ant zombie (D:3)
  7 adders
  4 gnolls
  A shadow imp (D:5)
  3 worms (D:3)
  2 dart slugs (D:1)
  3 leopard geckos
  13 orcs
  A ball python (D:2)
  A giant cockroach (D:2)
  5 goblins
  4 hobgoblins
  6 jackals
  16 kobolds
  4 quokkas
  3 bats
  4 frilled lizards
  A quokka zombie (D:6)
  5 rats
116 creatures vanquished.

Notes
Turn   | Place    | Note
-------+----------+-------------------------------------------
     0 | D:1      | Mehrunes the Octopode Earth Elementalist began the quest
                  | for the Orb.
     0 | D:1      | Reached XP level 1. HP: 11/11 MP: 3/3
   146 | D:1      | Reached XP level 2. HP: 17/17 MP: 1/5
   972 | D:2      | Noticed Sigmund
  1031 | D:2      | Reached XP level 3. HP: 19/21 MP: 4/6
  1075 | D:2      | Learned a level 3 spell: Stone Arrow
  1211 | D:2      | Found a runed door.
  1262 | D:2      | Found a glowing golden altar of the Shining One.
  1265 | D:2      | Noticed an ogre
  1574 | D:2      | Killed an ogre
  1575 | D:2      | Reached XP level 4. HP: 27/27 MP: 3/9
  1575 | D:2      | Reached XP level 5. HP: 31/31 MP: 3/10
  1708 | D:2      | Learned a level 4 spell: Petrify
  1993 | D:3      | Found an ornate altar of the Wu Jian Council.
  2098 | D:3      | Found a glowing drain.
  2111 | Sewer    | Entered a sewer
  2431 | Sewer    | Noticed a crocodile
  2659 | Sewer    | Killed a crocodile
  2660 | Sewer    | Reached skill level 5 in Earth Magic
  2660 | Sewer    | Reached XP level 6. HP: 20/36 MP: 3/12
  2902 | D:3      | Found an opulent altar of Gozag.
  3461 | D:4      | Reached skill level 1 in Conjurations
  3820 | D:4      | Found a staircase to the Ecumenical Temple.
  3837 | Temple   | Entered the Ecumenical Temple
  3883 | Temple   | Became a worshipper of Cheibriados the Contemplative
  3890 | Temple   | Learned a level 5 spell: Lee's Rapid Deconstruction
  3928 | D:4      | Reached XP level 7. HP: 41/41 MP: 7/14
  4607 | D:4      | Found a shattered altar of Ashenzari.
  4607 | D:4      | Found a shimmering altar of Xom.
  4613 | D:4      | Found a stormy altar of Qazlal.
  4631 | D:4      | Found a burning altar of Makhleb.
  4633 | D:4      | Found a faded altar of an unknown god.
  5125 | D:5      | Entered Level 5 of the Dungeon
  5138 | D:5      | Reached skill level 5 in Spellcasting
  5267 | D:5      | Noticed Blork the orc
  5277 | D:5      | Killed Blork the orc
  5293 | D:5      | HP: 2/41 [something (5)]
  5295 | D:5      | Reached skill level 5 in Stealth
  5295 | D:5      | Reached XP level 8. HP: 2/46 MP: 2/15
  5470 | D:5      | Found a corrupted altar of Lugonu.
  5577 | D:5      | Reached * piety under Cheibriados
  5889 | D:5      | Found Fudagawk's General Store.
  6365 | D:6      | Found Ruzor's Distillery.
  6555 | D:6      | Found Cytocauck's General Store.
  6985 | D:6      | Reached XP level 9. HP: 51/51 MP: 4/16
  7045 | D:6      | Bought a scroll of blinking for 97 gold pieces
  7045 | D:6      | Bought a scroll of teleportation for 39 gold pieces
  7076 | D:6      | Reached ** piety under Cheibriados
  7088 | D:6      | Found Salof's Elemental Accessories.
  7088 | D:6      | Found a bloodstained altar of Trog.
  7099 | D:6      | Killed from afar by an orc wizard

Skill      XL: |  1  2  3  4  5  6  7  8 |
---------------+-------------------------+-----
Spellcasting   | 3 4 5 |  5.0
Earth Magic    | 4 5 6 8 |  8.5
Conjurations   | 1 2 |  2.0
Stealth        | 5 8 |  8.0
Transmutations | 2 3 |  3.0
Dodging        | |  2.0
Unarmed Combat | |  1.0

Action                   |  1- 3 |  4- 6 |  7- 9 || total
-------------------------+-------+-------+-------++-------
Melee: Unarmed           |    11 |    26 |       ||    37
       Constrict         |     3 |     9 |     1 ||    13
       Tentacles         |     1 |    11 |     9 ||    21
       Dagger            |       |    20 |    31 ||    51
 Fire: Blowgun           |       |     2 |       ||     2
 Cast: Sandblast         |    33 |    20 |    15 ||    68
       Stone Arrow       |       |    33 |    46 ||    79
       Petrify           |       |     3 |     2 ||     5
       Lee's Rapid Decon |       |       |     7 ||     7
Evoke: Wand              |       |       |     6 ||     6
  Use: Scroll            |     1 |     6 |     5 ||    12
 Stab: Sleeping          |     2 |       |     1 ||     3
       Petrified         |       |     6 |    10 ||    16
  Eat: Chunk             |     3 |    12 |    14 ||    29
       Ration            |       |     1 |     1 ||     2
Armor: Skin              |       |     1 |       ||     1
Dodge: Dodged            |    15 |    68 |    51 ||   134
